 Dungeon Crawl Stone Soup version 0.22-a0-596-gfbd32a6 (webtiles) character file.

81 sking99 the Insei (level 4, -6/37 HPs)
             Began as a Draconian Transmuter on July 5, 2018.
             Mangled by a centaur (9 damage)
             ... on level 3 of the Dungeon.
             The game lasted 00:04:07 (2167 turns).

sking99 the Insei (Draconian Transmuter)            Turns: 2167, Time: 00:04:11

Health: -6/37      AC:  7    Str: 12    XL:     4   Next: 19%
Magic:  5/7        EV: 12    Int: 14    God:
Gold:   77         SH:  0    Dex: 12    Spells: 4/7 levels left

rFire    . . .     SeeInvis .     - Unarmed
rCold    . . .     Gourm    .   (no shield)
rNeg     . . .     Faith    .   (armour unavailable)
rPois    .         Spirit   .   (helmet restricted)
rElec    .         Reflect  .   (no cloak)
rCorr    .         Harm     .   j - +0 pair of gloves
MR       .....                  m - +0 pair of boots
Stlth    +.........             (no amulet)
HPRegen  0.12/turn              (no ring)
MPRegen  0.10/turn              (no ring)

@: appendage (expiring)
A: unfitting armour, horns 2, cold-blooded, AC +5
a: End Transformation


You were on level 3 of the Dungeon.
You were not hungry.
You had grown temporary horns.
You visited 1 branch of the dungeon, and saw 3 of its levels.

You collected 77 gold pieces.

Inventory:

Missiles
 a - 15 arrows
Armour
 j - a +0 pair of gloves (worn)
 m - a +0 pair of boots (worn)
Jewellery
 i - an uncursed ring of flight {unknown}
Wands
 r - a wand of disintegration (8)
Scrolls
 d - 2 scrolls of identify {unknown}
 e - a scroll of enchant weapon {unknown}
 f - a scroll of blinking {unknown}
 o - 3 scrolls of remove curse {unknown}
 p - a scroll of fear {unknown}
Potions
 b - 2 potions of flight {unknown}
 g - a potion of mutation {unknown}
 h - a potion of cancellation {unknown}
 k - 2 potions of heal wounds {unknown}
 l - a potion of might {unknown}
 n - a potion of curing {unknown}
Comestibles
 c - a ration
 q - 3 chunks of flesh


   Skills:
 + Level 2.5 Fighting
 - Level 1.7 Dodging
 * Level 4.5 Unarmed Combat
 - Level 2.0 Spellcasting
 - Level 2.0 Transmutations


You had 4 spell levels left.
You knew the following spells:

 Your Spells              Type           Power        Failure   Level  Hunger
a - Beastly Appendage     Tmut           #.....       11%         1    ##.....
b - Sticks to Snakes      Tmut           #.......     16%         2    ###....

Your spell library contained the following spells:

 Spells                   Type           Power        Failure   Level  Hunger
 Spider Form              Tmut/Pois      #.........   43%         3    ####...
 Blade Hands              Tmut           #.........   96%         5    ######.
 Ice Form                 Ice/Tmut       #.......     83%         4    #####..


Dungeon Overview and Level Annotations

Branches:
Dungeon (3/15)

Altars:

Annotations:
D:3 3 runed doors, iamserjio's ghost, weakling DsBe


Innate Abilities, Weirdness & Mutations

Your plain brown scales are hard. (AC +5)
You cannot fit into any form of body armour.
You are cold-blooded and may be slowed by cold attacks.
You have a pair of horns on your head.


Message History

The centaur barely misses you.
Your adder barely misses the centaur.
The orc barely misses you. The centaur hits you.
You hit the centaur but do no damage.
The centaur is moderately wounded.
Your adder bites the centaur but does no damage.
The orc barely misses you. The centaur hits you.
You barely miss the centaur.
Your tail-slap misses the centaur.
The centaur is moderately wounded.
Your adder bites the centaur.
The centaur is poisoned.
Your adder poisons the centaur!
The centaur hits you.
* * * LOW HITPOINT WARNING * * *
The orc hits you with a whip.
* * * LOW HITPOINT WARNING * * *
You barely miss the centaur. Your headbutt misses the centaur.
The centaur is heavily wounded.
The centaur hits you.
* * * LOW HITPOINT WARNING * * *
Your adder bites the centaur but does no damage.
The orc closely misses you. The centaur hits you!
You die...

o#.# #.....# ##.# .#.#
#.....# #.# .#.# #######
#.# .#.# # #.# ##8# .. #)#
.#. .c. #.# . . ....
####.### .....##
###########.......
...o...##@................
#.Sco#########.......
###### ########


You could see a centaur, an orc and a friendly adder.

Vanquished Creatures
  A worm (D:3)
  A dart slug (D:1)
  A leopard gecko (D:3)
  An orc (D:3)
  A giant cockroach (D:2)
  9 goblins
  6 hobgoblins
  2 quokkas
  8 bats
  2 frilled lizards (D:2)
  5 kobolds
  3 rats
40 creatures vanquished.

Vanquished Creatures (collateral kills)
  Terence (D:3)
  2 adders (D:3)
  A ball python (D:3)
4 creatures vanquished.

Grand Total: 44 creatures vanquished

Notes
Turn   | Place    | Note
-------+----------+-------------------------------------------
     0 | D:1      | sking99 the Draconian Transmuter began the quest for the Orb.
     0 | D:1      | Reached XP level 1. HP: 16/16 MP: 3/3
   350 | D:1      | Reached XP level 2. HP: 23/23 MP: 3/5
   800 | D:2      | Learned a level 2 spell: Sticks to Snakes
   928 | D:2      | Reached XP level 3. HP: 23/29 MP: 6/6
  1199 | D:2      | Reached skill level 4 in Unarmed Combat
  1777 | D:3      | Found a runed gate.
  1781 | D:3      | Found a runed gate.
  1781 | D:3      | Found a runed gate.
  1785 | D:3      | Noticed iamserjio's ghost (weakling DsBe)
  1801 | D:3      | Noticed Terence
  1900 | D:3      | Killed Terence
  1900 | D:3      | Reached XP level 4. HP: 37/37 MP: 1/7
  2149 | D:3      | Noticed a centaur
  2167 | D:3      | Mangled by a centaur

Vault maps used:
D:1:      saegor_arrival_simple_e, serial_bayou_pond_a, minmay_misc_feat_iff
D:3:      biasface_ghost_orc_armoury, uniq_terence

Skill      XL: |  1  2  3 |
---------------+----------+-----
Fighting       | 2 |  2.5
Unarmed Combat | 4 |  4.5
Dodging        | |  1.7
Spellcasting   | |  2.0
Transmutations | |  2.0

Action                   |  1- 3 |  4- 6 || total
-------------------------+-------+-------++-------
Melee: Unarmed           |   122 |    23 ||   145
       Tailslap          |    12 |     3 ||    15
       Kick              |     9 |       ||     9
       Headbutt          |     2 |     1 ||     3
       Punch             |     1 |       ||     1
 Cast: Beastly Appendage |    16 |     1 ||    17
       Sticks to Snakes  |     9 |     1 ||    10
 Stab: Distracted        |     1 |       ||     1
  Eat: Chunk             |     4 |     1 ||     5
Armor: Skin              |    51 |     7 ||    58
Dodge: Dodged            |    92 |    13 ||   105

Table legend:
 A = Spawn XP
 B = Non-spawn XP
 C = Spawn XP percentage of total XP
 D = Spawn monster count
 E = Non-spawn monster count
 F = Spawn count percentage of total count
 G = Total turns spent on level
                    A         B        C        D         E        F      G
               +---------+---------+-------+---------+---------+-------+---------
         Total |       0 |     116 |   0.0 |       0 |      44 |   0.0 |  2167
               +---------+---------+-------+---------+---------+-------+---------
           D:1 |       0 |      24 |   0.0 |       0 |      14 |   0.0 |   777
           D:2 |       0 |      27 |   0.0 |       0 |      17 |   0.0 |   780
           D:3 |       0 |      65 |   0.0 |       0 |      13 |   0.0 |   610
               +---------+---------+-------+---------+---------+-------+---------
